NCAA
INDIANA HOOSIERS @ AUBURN TIGERS
05/16/2024
 
TOP OF THE 1ST
Indiana Hoosiers batting - Pitching for Auburn Tigers : LHP Javier Wilson
Pitching: LHP Javier Wilson
Batting: LHB Arturo Álvarez 0-0: Ball
1-0: Ball
2-0: Called Strike
2-1: Called Strike
2-2: Foul Ball, location: 2F
2-2: Ball
3-2: Foul Ball, location: 2F
3-2: Strikes out looking
Batting: RHB Tom McCoy 0-0: Ball
1-0: Ball
2-0: Foul Ball, location: 2F
2-1: SINGLE (Groundball, 34D)
Batting: LHB Randy Ortíz 0-0: Called Strike
0-1: Ball
1-1: Called Strike
1-2: Ground out 4-3 (Groundball, 34D)
Tom McCoy to second
Batting: RHB Gus Bryant 0-0: Ball
1-0: Ball
2-0: Ground out 5-3 (Groundball, 56)
Top of the 1st over - 0 run(s), 1 hit(s), 0 error(s), 1 left on base; Indiana 0 - Auburn 0
BOTTOM OF THE 1ST
Auburn Tigers batting - Pitching for Indiana Hoosiers : RHP David Howard
Pitching: RHP David Howard
Batting: RHB John Zimmerman 0-0: Ball
1-0: Ball
2-0: Ball
3-0: Base on Balls
Batting: RHB Artie Frye 0-0: Ball
1-0: Called Strike
1-1: Ball
2-1: Called Strike
2-2: Grounds into double play, 6-4-3 (Groundball, 6)
Batting: LHB Edison Snyder 0-0: Ball
1-0: Ball
2-0: SOLO HOME RUN (Flyball, 89XD), Distance : 370 ft
Batting: RHB Jeff Jones 0-0: Swinging Strike
0-1: Ball
1-1: Foul Ball, location: 2F
1-2: Ground out 6-3 (Groundball, 56)
Bottom of the 1st over - 1 run(s), 1 hit(s), 0 error(s), 0 left on base; Indiana 0 - Auburn 1
TOP OF THE 2ND
Indiana Hoosiers batting - Pitching for Auburn Tigers : LHP Javier Wilson
Batting: RHB Stephen Concepción 0-0: Fly out, F4 (Popup, 34)
Batting: RHB Wayne Carter 0-0: Ball
1-0: Foul Ball, location: 2F
1-1: Ball
2-1: Ball
3-1: Swinging Strike
3-2: Foul Ball, location: 2F
3-2: Base on Balls
Batting: RHB Jaime Morán 0-0: Called Strike
0-1: Ball
1-1: Foul Ball, location: 2F
1-2: Ball
2-2: Ball
3-2: Base on Balls
Wayne Carter to second
Batting: LHB Dave Joyner 0-0: Called Strike
0-1: Ball
1-1: Ball
2-1: Called Strike
2-2: Strikes out swinging
Batting: RHB Armando Bernard 0-0: Foul Ball, location: 2F
0-1: Ball
1-1: Foul Ball, location: 2F
1-2: Ball
2-2: Strikes out swinging
Top of the 2nd over - 0 run(s), 0 hit(s), 0 error(s), 2 left on base; Indiana 0 - Auburn 1
BOTTOM OF THE 2ND
Auburn Tigers batting - Pitching for Indiana Hoosiers : RHP David Howard
Batting: RHB Doyle O'Dell 0-0: Ball
1-0: Called Strike
1-1: Foul Ball, location: 2F
1-2: Ball
2-2: Ball
3-2: Base on Balls
Batting: SHB Tim Campbell 0-0: Ground out 3-1 (Groundball, 34)
Doyle O'Dell to second
Batting: RHB Ángelo Young 0-0: Ground out 5-3 (Groundball, 5)
Batting: RHB Carlos Frías 0-0: Ball
1-0: Swinging Strike
1-1: Foul Ball, location: 2F
1-2: Strikes out swinging
Bottom of the 2nd over - 0 run(s), 0 hit(s), 0 error(s), 1 left on base; Indiana 0 - Auburn 1
TOP OF THE 3RD
Indiana Hoosiers batting - Pitching for Auburn Tigers : LHP Javier Wilson
Batting: LHB Arturo Álvarez 0-0: Ball
1-0: Foul Ball, location: 2F
1-1: Called Strike
1-2: Ball
2-2: Strikes out swinging
Batting: RHB Tom McCoy 0-0: Ball
1-0: Foul Ball, location: 2F
1-1: Ball
2-1: Called Strike
2-2: Ball
3-2: Base on Balls
Batting: LHB Randy Ortíz 0-0: SINGLE (Line Drive, 6MD)
Tom McCoy to second
Batting: RHB Gus Bryant 0-0: Called Strike
0-1: Foul Ball, location: 2F
0-2: Ball
1-2: Fielders Choice at 2nd, 6-4 (Groundball, 6)
Tom McCoy to third
Batting: RHB Stephen Concepción 0-0: Ball
1-0: SINGLE (Groundball, 25) (infield hit)
Tom McCoy scores
Gus Bryant to second
Batting: RHB Wayne Carter 0-0: Ball
1-0: Fielders Choice at 2nd, 6-4 (Groundball, 6)
Top of the 3rd over - 1 run(s), 2 hit(s), 0 error(s), 1 left on base; Indiana 1 - Auburn 1
BOTTOM OF THE 3RD
Auburn Tigers batting - Pitching for Indiana Hoosiers : RHP David Howard
Batting: RHB Jody Díaz 0-0: Called Strike
0-1: Ball
1-1: Ground out 5-3 (Groundball, 5)
Batting: RHB John Zimmerman 0-0: Fly out, F9 (Flyball, 9M)
Batting: RHB Artie Frye 0-0: Ball
1-0: Called Strike
1-1: Called Strike
1-2: Ball
2-2: Strikes out swinging
Bottom of the 3rd over - 0 run(s), 0 hit(s), 0 error(s), 0 left on base; Indiana 1 - Auburn 1
TOP OF THE 4TH
Indiana Hoosiers batting - Pitching for Auburn Tigers : LHP Javier Wilson
Batting: RHB Jaime Morán 0-0: Ground out 6-3 (Groundball, 6)
Batting: LHB Dave Joyner 0-0: Ball
1-0: Ball
2-0: Fly out, F7 (Flyball, 7LM)
Batting: RHB Armando Bernard 0-0: Called Strike
0-1: Ball
1-1: Foul Ball, location: 2F
1-2: Ball
2-2: Foul Ball, location: 2F
2-2: DOUBLE (Flyball, 8LS)
Batting: LHB Arturo Álvarez 0-0: Ball
1-0: Ball
2-0: Ball
3-0: Base on Balls
Batting: RHB Tom McCoy 0-0: Called Strike
0-1: Ball
1-1: SINGLE (Line Drive, 78M)
Armando Bernard to third
Arturo Álvarez to second
Runner from 3rd tries for Home, SAFE, no throw or cutoff
Pitching: RHP Vincente López
Batting: LHB Randy Ortíz 0-0: Called Strike
0-1: Ball
1-1: Ball
2-1: Swinging Strike
2-2: Strikes out swinging
Top of the 4th over - 1 run(s), 2 hit(s), 0 error(s), 2 left on base; Indiana 2 - Auburn 1
BOTTOM OF THE 4TH
Auburn Tigers batting - Pitching for Indiana Hoosiers : RHP David Howard
Batting: LHB Edison Snyder 0-0: Ball
1-0: Called Strike
1-1: Foul Ball, location: 2F
1-2: Ball
2-2: Foul Ball, location: 2F
2-2: Foul Ball, location: 2F
2-2: Fly out, F7 (Flyball, 78S)
Batting: RHB Jeff Jones 0-0: Ball
1-0: Ball
2-0: SOLO HOME RUN (Flyball, 89XD), Distance : 380 ft
Batting: RHB Doyle O'Dell 0-0: Foul Ball, location: 2F
0-1: Ground out 1-3 (Groundball, 15)
Batting: SHB Tim Campbell 0-0: SINGLE (Groundball, 3L)
Batting: RHB Ángelo Young Pickoff Throw to First - Out!
Bottom of the 4th over - 1 run(s), 2 hit(s), 0 error(s), 0 left on base; Indiana 2 - Auburn 2
TOP OF THE 5TH
Indiana Hoosiers batting - Pitching for Auburn Tigers : RHP Vincente López
Batting: RHB Gus Bryant 0-0: Ball
1-0: Ball
2-0: Ball
3-0: Base on Balls
Batting: RHB Stephen Concepción 0-0: Foul Ball, location: 2F
0-1: Ball
Gus Bryant steals 2nd base
1-1: Ball
2-1: Foul Ball, location: 2F
2-2: Fly out, F6 (Line Drive, 6)
Batting: RHB Wayne Carter 0-0: Swinging Strike
0-1: Called Strike
0-2: Ball
1-2: Strikes out looking
Batting: RHB Jaime Morán 0-0: Ball
1-0: Foul Ball, location: 2F
1-1: Foul Ball, location: 2F
1-2: Ground out 6-3 (Groundball, 6)
Top of the 5th over - 0 run(s), 0 hit(s), 0 error(s), 1 left on base; Indiana 2 - Auburn 2
BOTTOM OF THE 5TH
Auburn Tigers batting - Pitching for Indiana Hoosiers : RHP David Howard
Batting: RHB Ángelo Young 0-0: Ball
1-0: Swinging Strike
1-1: Foul Ball, location: 2F
1-2: SINGLE (Groundball, 56)
Batting: RHB Carlos Frías 0-0: Ball
1-0: Ball
2-0: Foul Ball, location: 2F
2-1: Swinging Strike
2-2: Strikes out swinging
Batting: RHB Jody Díaz 0-0: Ball
1-0: Ball
2-0: Called Strike
2-1: Foul Ball, location: 2F
2-2: Ball
3-2: Strikes out swinging
Ángelo Young is caught stealing 2nd base
Batter strikes out.
Bottom of the 5th over - 0 run(s), 1 hit(s), 0 error(s), 0 left on base; Indiana 2 - Auburn 2
TOP OF THE 6TH
Indiana Hoosiers batting - Pitching for Auburn Tigers : RHP Vincente López
Batting: LHB Dave Joyner 0-0: Called Strike
0-1: Ball
1-1: Swinging Strike
1-2: Ball
2-2: Foul Ball, location: 2F
2-2: Foul Ball, location: 2F
2-2: Strikes out swinging
Batting: RHB Armando Bernard 0-0: Ball
1-0: Foul Ball, location: 2F
1-1: Swinging Strike
1-2: Strikes out looking
Batting: LHB Arturo Álvarez 0-0: SOLO HOME RUN (Flyball, 9LD), Distance : 313 ft
Batting: RHB Tom McCoy 0-0: Ball
1-0: Swinging Strike
1-1: SINGLE (Line Drive, 7LS)
Batting: LHB Randy Ortíz 0-0: Ball
1-0: Foul Ball, location: 2F
1-1: Ball
2-1: Foul Ball, location: 2F
2-2: Ground out 5-3 (Groundball, 15S)
Top of the 6th over - 1 run(s), 2 hit(s), 0 error(s), 1 left on base; Indiana 3 - Auburn 2
BOTTOM OF THE 6TH
Auburn Tigers batting - Pitching for Indiana Hoosiers : RHP David Howard
Batting: RHB John Zimmerman 0-0: Ball
1-0: Ground out 5-3 (Groundball, 5)
Batting: RHB Artie Frye 0-0: Swinging Strike
0-1: DOUBLE (Line Drive, 7LM)
Batting: LHB Edison Snyder 0-0: Fly out, F7 (Flyball, 7S)
Batting: RHB Jeff Jones 0-0: Called Strike
0-1: Ball
1-1: Ball
2-1: Ball
3-1: Base on Balls
Batting: RHB Doyle O'Dell 0-0: Ball
1-0: Ball
2-0: Ball
3-0: Base on Balls
Artie Frye to third
Jeff Jones to second
Batting: SHB Tim Campbell 0-0: Called Strike
0-1: Called Strike
0-2: Foul Ball, location: 2F
0-2: Ball
1-2: Ball
2-2: Reached on error, E3 (Groundball, 3)
Artie Frye scores
Jeff Jones to third
Doyle O'Dell to second
Pitching: RHP Charles Piper
Batting: RHB Ángelo Young 0-0: Ball
1-0: Ball
2-0: SINGLE (Groundball, 15S) (infield hit)
Jeff Jones scores
Doyle O'Dell to third
Tim Campbell to second
Batting: RHB Carlos Frías 0-0: Ball
1-0: Fly out, F9 (Flyball, 9LMF)
Bottom of the 6th over - 2 run(s), 2 hit(s), 1 error(s), 3 left on base; Indiana 3 - Auburn 4
TOP OF THE 7TH
Indiana Hoosiers batting - Pitching for Auburn Tigers : RHP Vincente López
Pitching: RHP Anthony Larson
Batting: RHB Gus Bryant 0-0: Ball
1-0: Called Strike
1-1: Ball
2-1: Ball
3-1: Foul Ball, location: 2F
3-2: Base on Balls
Batting: RHB Stephen Concepción 0-0: Called Strike
0-1: Ball
1-1: Called Strike
1-2: Ball
2-2: Strikes out swinging
Gus Bryant steals 2nd base
Batter strikes out.
Batting: RHB Wayne Carter 0-0: Called Strike
0-1: Swinging Strike
0-2: Foul Ball, location: 2F
0-2: Ball
1-2: Strikes out swinging
Batting: RHB Jaime Morán 0-0: Called Strike
0-1: Ball
1-1: Swinging Strike
1-2: Strikes out swinging
Top of the 7th over - 0 run(s), 0 hit(s), 0 error(s), 1 left on base; Indiana 3 - Auburn 4
BOTTOM OF THE 7TH
Auburn Tigers batting - Pitching for Indiana Hoosiers : RHP Charles Piper
Batting: RHB Jody Díaz 0-0: SINGLE (Groundball, 56D)
Batting: RHB John Zimmerman 0-0: Sac Bunt - play at first, batter OUT! 1-4
Jody Díaz to second
Batting: RHB Artie Frye 0-0: Called Strike
0-1: Foul Ball, location: 2F
0-2: Strikes out swinging
Batting: LHB Edison Snyder 0-0: Ball
1-0: Hit by Pitch
Batting: RHB Jeff Jones 0-0: Called Strike
0-1: Swinging Strike
0-2: Foul Ball, location: 2F
0-2: SINGLE (Flyball, 9LM)
Jody Díaz to third
Edison Snyder to second
Batting: RHB Doyle O'Dell 0-0: Called Strike
0-1: Called Strike
0-2: Strikes out swinging
Bottom of the 7th over - 0 run(s), 2 hit(s), 0 error(s), 3 left on base; Indiana 3 - Auburn 4
TOP OF THE 8TH
Indiana Hoosiers batting - Pitching for Auburn Tigers : RHP Anthony Larson
Pitching: RHP Eddy Jackson
Batting: LHB Dave Joyner 0-0: Foul Ball, location: 2F
0-1: Foul Ball, location: 2F
0-2: Strikes out swinging
Batting: RHB Armando Bernard 0-0: Ball
1-0: Ground out 5-3 (Groundball, 56)
Pitching: LHP Reynaldo Adame
Batting: LHB Arturo Álvarez 0-0: Ball
1-0: Swinging Strike
1-1: Ball
2-1: Foul Ball, location: 2F
2-2: Strikes out swinging
Top of the 8th over - 0 run(s), 0 hit(s), 0 error(s), 0 left on base; Indiana 3 - Auburn 4
BOTTOM OF THE 8TH
Auburn Tigers batting - Pitching for Indiana Hoosiers : RHP Charles Piper
Batting: SHB Tim Campbell 0-0: Ball
1-0: Ball
2-0: Fly out, F6 (Popup, 6M)
Batting: RHB Ángelo Young 0-0: Ball
1-0: Ball
2-0: Called Strike
2-1: Fly out, F8 (Line Drive, 8RM)
Batting: RHB Carlos Frías 0-0: Called Strike
0-1: Ball
1-1: Foul Ball, location: 2F
1-2: Ball
2-2: Strikes out swinging
Bottom of the 8th over - 0 run(s), 0 hit(s), 0 error(s), 0 left on base; Indiana 3 - Auburn 4
TOP OF THE 9TH
Indiana Hoosiers batting - Pitching for Auburn Tigers : LHP Reynaldo Adame
Pitching: RHP Francisco Rodríguez
Now in CF: Curt Carey
Batting: RHB Tom McCoy 0-0: Ball
1-0: Foul Ball, location: 2F
1-1: Called Strike
1-2: Foul Ball, location: 2F
1-2: Ball
2-2: Ball
3-2: Foul Ball, location: 2F
3-2: Strikes out swinging
Batting: LHB Randy Ortíz 0-0: Ball
1-0: Foul Ball, location: 2F
1-1: Foul Ball, location: 2F
1-2: Ball
2-2: Strikes out swinging
Batting: RHB Gus Bryant 0-0: Swinging Strike
0-1: Foul Ball, location: 2F
0-2: Ball
1-2: Ball
2-2: Strikes out swinging
Top of the 9th over - 0 run(s), 0 hit(s), 0 error(s), 0 left on base; Indiana 3 - Auburn 4
This league is powered by Out of the Park Baseball, the baseball management simulation game for PC, Mac and Linux
Saturday, April 9th, 2016 - OOTP Baseball 16.8 Build 38